PA
SOUTH BEACH BLAZE @ MANCELONA TORCH
06/06/2034
 
TOP OF THE 1ST
South Beach Blaze batting - Pitching for Mancelona Torch : RHP Tomás Mata
Pitching: RHP Tomás Mata
Batting: LHB Javier López 0-0: Ground out 3-1 (Groundball, 34)
Batting: SHB Eisse van Opdorp 0-0: Ball
1-0: Ball
2-0: Called Strike
2-1: Ground out 4-3 (Groundball, 4)
Batting: LHB Lewis Blankenship 0-0: Swinging Strike
0-1: Ground out 4-3 (Groundball, 4S)
Top of the 1st over - 0 runs, 0 hits, 0 errors, 0 left on base; South Beach 0 - Mancelona 0
BOTTOM OF THE 1ST
Mancelona Torch batting - Pitching for South Beach Blaze : RHP Firpo Marberry
Pitching: RHP Firpo Marberry
Batting: LHB Duncan Witteman 0-0: Ball
1-0: Called Strike
1-1: Swinging Strike
1-2: Foul Ball, location: 2F
1-2: Fly out, F9 (Flyball, 9S)
Batting: LHB Charles Godard 0-0: Foul Ball, location: 2F
0-1: Foul Ball, location: 2F
0-2: Foul Ball, location: 2F
0-2: Foul Ball, location: 2F
0-2: Strikes out swinging
Batting: LHB Basava Puri 0-0: Ball
1-0: Ground out 6-3 (Groundball, 56)
Bottom of the 1st over - 0 runs, 0 hits, 0 errors, 0 left on base; South Beach 0 - Mancelona 0
TOP OF THE 2ND
South Beach Blaze batting - Pitching for Mancelona Torch : RHP Tomás Mata
Batting: RHB Dave Broom 0-0: Ball
1-0: Called Strike
1-1: Swinging Strike
1-2: SINGLE (Groundball, 34D)
Batting: SHB Noah Martone 0-0: Ball
1-0: Called Strike
1-1: Ball
2-1: Ball
3-1: Called Strike
3-2: Strikes out swinging
Batting: RHB Mikael Evangjeli 0-0: Ball
Dave Broom is caught stealing 2nd base
1-0: Called Strike
1-1: Swinging Strike
1-2: Ball
2-2: Fly out, F3 (Popup, 34S)
Top of the 2nd over - 0 runs, 1 hit, 0 errors, 0 left on base; South Beach 0 - Mancelona 0
BOTTOM OF THE 2ND
Mancelona Torch batting - Pitching for South Beach Blaze : RHP Firpo Marberry
Batting: SHB Arend van der Veen 0-0: Called Strike
0-1: Foul Ball, location: 2F
0-2: Ball
1-2: Fly out, F9 (Flyball, 9LSF)
Batting: LHB Ed Holte 0-0: Called Strike
0-1: Ball
1-1: Ball
2-1: Called Strike
2-2: Reached on error, E1 (Groundball, 15S)
Batting: RHB Magtanggol Florencio 0-0: Ball
1-0: Fly out, F8 (Flyball, 78D)
Batting: RHB Marty Aspen 0-0: Called Strike
0-1: Ball
1-1: Foul Ball, location: 2F
1-2: Ball
2-2: Fly out, F7 (Flyball, 78D)
Bottom of the 2nd over - 0 runs, 0 hits, 1 error, 1 left on base; South Beach 0 - Mancelona 0
TOP OF THE 3RD
South Beach Blaze batting - Pitching for Mancelona Torch : RHP Tomás Mata
Batting: RHB Maxence Sultanbekov 0-0: Ball
1-0: Fly out, F8 (Flyball, 8RM)
Batting: RHB Mark Patterson 0-0: Swinging Strike
0-1: Called Strike
0-2: Fly out, F3 (Popup, 3SF)
Batting: RHB Jarred Shields 0-0: Ball
1-0: Fly out, F7 (Flyball, 7)
Top of the 3rd over - 0 runs, 0 hits, 0 errors, 0 left on base; South Beach 0 - Mancelona 0
BOTTOM OF THE 3RD
Mancelona Torch batting - Pitching for South Beach Blaze : RHP Firpo Marberry
Batting: LHB Vasa Pantelic 0-0: Ground out 4-3 (Groundball, 4S)
Batting: RHB Hjalmar Bisseling 0-0: Foul Ball, location: 2F
0-1: Ball
1-1: Fly out, F7 (Flyball, 7S)
Batting: LHB Duncan Witteman 0-0: Ball
1-0: Called Strike
1-1: Foul Ball, location: 2F
1-2: Ball
2-2: TRIPLE (Flyball, 78XD)
Batting: LHB Charles Godard 0-0: Called Strike
0-1: Ball
1-1: Ground out 4-3 (Groundball, 34D)
Bottom of the 3rd over - 0 runs, 1 hit, 0 errors, 1 left on base; South Beach 0 - Mancelona 0
TOP OF THE 4TH
South Beach Blaze batting - Pitching for Mancelona Torch : RHP Tomás Mata
Batting: LHB Javier López 0-0: Ball
1-0: Ball
2-0: Ball
3-0: Called Strike
3-1: Fly out, F8 (Flyball, 8RS)
Batting: SHB Eisse van Opdorp 0-0: Foul Ball, location: 2F
0-1: DOUBLE (Flyball, 8RD)
Batting: LHB Lewis Blankenship 0-0: Foul Ball, location: 2F
0-1: SINGLE (Line Drive, 34D)
Eisse van Opdorp to third
Batting: RHB Dave Broom 0-0: Ball
Lewis Blankenship steals 2nd base
1-0: Ball
2-0: Ball
3-0: Base on Balls
Batting: SHB Noah Martone 0-0: Ball
1-0: Foul Ball, location: 2F
1-1: Ball
2-1: Ball
3-1: Called Strike
3-2: Strikes out looking
Batting: RHB Mikael Evangjeli 0-0: Ball
1-0: Swinging Strike
1-1: Swinging Strike
1-2: Strikes out swinging
Top of the 4th over - 0 runs, 2 hits, 0 errors, 3 left on base; South Beach 0 - Mancelona 0
BOTTOM OF THE 4TH
Mancelona Torch batting - Pitching for South Beach Blaze : RHP Firpo Marberry
Batting: LHB Basava Puri 0-0: Fly out, F8 (Flyball, 89D)
Batting: SHB Arend van der Veen 0-0: Foul Ball, location: 2F
0-1: Called Strike
0-2: Fly out, F8 (Flyball, 8LM)
Batting: LHB Ed Holte 0-0: Foul Ball, location: 2F
0-1: Foul Ball, location: 2F
0-2: Ball
1-2: Foul Ball, location: 2F
1-2: Fly out, F8 (Flyball, 8RD)
Bottom of the 4th over - 0 runs, 0 hits, 0 errors, 0 left on base; South Beach 0 - Mancelona 0
TOP OF THE 5TH
South Beach Blaze batting - Pitching for Mancelona Torch : RHP Tomás Mata
Batting: RHB Maxence Sultanbekov 0-0: Ground out 6-3 (Groundball, 6S)
Batting: RHB Mark Patterson 0-0: Ball
1-0: Fly out, F6 (Line Drive, 56)
Batting: RHB Jarred Shields 0-0: Swinging Strike
0-1: Ball
1-1: SINGLE (Groundball, 34S) (infield hit)
Batting: LHB Javier López 0-0: Foul Ball, location: 2F
0-1: Called Strike
0-2: Ball
1-2: Ball
2-2: Strikes out swinging
Top of the 5th over - 0 runs, 1 hit, 0 errors, 1 left on base; South Beach 0 - Mancelona 0
BOTTOM OF THE 5TH
Mancelona Torch batting - Pitching for South Beach Blaze : RHP Firpo Marberry
Batting: RHB Magtanggol Florencio 0-0: Ball
1-0: Foul Ball, location: 2F
1-1: Ball
2-1: Ground out U3 (Groundball, 3)
Batting: RHB Marty Aspen 0-0: Ball
1-0: Ball
2-0: Called Strike
2-1: Foul Ball, location: 2F
2-2: Foul Ball, location: 2F
2-2: Strikes out swinging
Batting: LHB Vasa Pantelic 0-0: Swinging Strike
0-1: SINGLE (Line Drive, 78S)
Batting: RHB Hjalmar Bisseling 0-0: Ball
1-0: Called Strike
1-1: Swinging Strike
1-2: Ball
Throwing error on steal attempt, E2
Vasa Pantelic to third
2-2: Strikes out swinging
Bottom of the 5th over - 0 runs, 1 hit, 1 error, 1 left on base; South Beach 0 - Mancelona 0
TOP OF THE 6TH
South Beach Blaze batting - Pitching for Mancelona Torch : RHP Tomás Mata
Batting: SHB Eisse van Opdorp 0-0: Foul Ball, location: 2F
0-1: Called Strike
0-2: Ball
1-2: Ball
2-2: Strikes out swinging
Batting: LHB Lewis Blankenship 0-0: Ball
1-0: Ball
2-0: DOUBLE (Line Drive, 9D)
Batting: RHB Dave Broom 0-0: Ball
1-0: Called Strike
1-1: Ball
2-1: Swinging Strike
2-2: Ground out 5-3 (Groundball, 5L)
Batting: SHB Noah Martone 0-0: Ball
1-0: Ball
2-0: Ball
3-0: Called Strike
3-1: Swinging Strike
3-2: Base on Balls
Batting: RHB Mikael Evangjeli 0-0: TRIPLE (Line Drive, 89XD)
Lewis Blankenship scores
Noah Martone scores
Batting: RHB Maxence Sultanbekov 0-0: Fly out, F5 (Popup, 25F)
Top of the 6th over - 2 runs, 2 hits, 0 errors, 1 left on base; South Beach 2 - Mancelona 0
BOTTOM OF THE 6TH
Mancelona Torch batting - Pitching for South Beach Blaze : RHP Firpo Marberry
Batting: LHB Duncan Witteman 0-0: Ball
1-0: Fly out, F6 (Popup, 6MD)
Batting: LHB Charles Godard 0-0: Ball
1-0: Ball
2-0: Called Strike
2-1: Foul Ball, location: 2F
2-2: Strikes out swinging
Batting: LHB Basava Puri 0-0: Ball
1-0: Called Strike
1-1: Ball
2-1: Ball
3-1: Foul Ball, location: 2F
3-2: Strikes out swinging
Bottom of the 6th over - 0 runs, 0 hits, 0 errors, 0 left on base; South Beach 2 - Mancelona 0
TOP OF THE 7TH
South Beach Blaze batting - Pitching for Mancelona Torch : RHP Tomás Mata
Batting: RHB Mark Patterson 0-0: Ball
1-0: SINGLE (Flyball, 78S)
Batting: RHB Jarred Shields 0-0: Ball
1-0: Sac Bunt - play at first, batter OUT! 3-4
Mark Patterson to second
Batting: LHB Javier López 0-0: Ball
1-0: Foul Ball, location: 2F
1-1: Called Strike
1-2: Foul Ball, location: 2F
1-2: Strikes out swinging
Batting: SHB Eisse van Opdorp 0-0: Ball
1-0: Ball
2-0: Foul Ball, location: 2F
2-1: Called Strike
2-2: Ball
3-2: SINGLE (Line Drive, 9LS)
Mark Patterson to third
Mark Patterson scores
Pitching: LHP José Costa
Batting: LHB Lewis Blankenship 0-0: Ball
1-0: Called Strike
1-1: Ground out 4-3 (Groundball, 4D)
Top of the 7th over - 1 run, 2 hits, 0 errors, 1 left on base; South Beach 3 - Mancelona 0
BOTTOM OF THE 7TH
Mancelona Torch batting - Pitching for South Beach Blaze : RHP Firpo Marberry
Batting: SHB Arend van der Veen 0-0: Foul Ball, location: 2F
0-1: SINGLE (Line Drive, 4MD)
Batting: LHB Ed Holte 0-0: Ball
1-0: Foul Ball, location: 2F
1-1: Swinging Strike
1-2: Fly out, F5 (Popup, 25F)
Batting: RHB Magtanggol Florencio 0-0: Called Strike
0-1: Ball
1-1: Swinging Strike
1-2: Ball
2-2: Fly out, F8 (Line Drive, 8LM)
Pitching: LHP Chris Crum
Batting: RHB Marty Aspen 0-0: Ball
1-0: Swinging Strike
1-1: Fly out, F9 (Flyball, 89M)
Bottom of the 7th over - 0 runs, 1 hit, 0 errors, 1 left on base; South Beach 3 - Mancelona 0
TOP OF THE 8TH
South Beach Blaze batting - Pitching for Mancelona Torch : LHP José Costa
Batting: RHB Dave Broom 0-0: Ball
1-0: Ball
2-0: Called Strike
2-1: Ball
3-1: Foul Ball, location: 2F
3-2: Foul Ball, location: 2F
3-2: Base on Balls
Batting: SHB Noah Martone 0-0: Ball
1-0: Called Strike
1-1: Foul Ball, location: 2F
1-2: Ball
2-2: Strikes out looking
Batting: RHB Mikael Evangjeli 0-0: Called Strike
0-1: Ball
1-1: Ball
2-1: SINGLE (Groundball, 6D)
Dave Broom to second
Runner from 2nd tries for 3rd, SAFE, no throw
Batting: RHB Maxence Sultanbekov 0-0: Called Strike
0-1: Ball
1-1: Foul Ball, location: 2F
1-2: Ball
2-2: Fly out, F7 (Flyball, 78D)
Runner from 3rd tags up, SCORES, throw made
Batting: RHB Mark Patterson 0-0: Ball
1-0: Fielders Choice at 2nd, 6-4 (Groundball, 6)
Top of the 8th over - 1 run, 1 hit, 0 errors, 1 left on base; South Beach 4 - Mancelona 0
BOTTOM OF THE 8TH
Mancelona Torch batting - Pitching for South Beach Blaze : LHP Chris Crum
Batting: LHB Vasa Pantelic 0-0: Ball
1-0: Foul Ball, location: 2F
1-1: Ball
2-1: Ball
3-1: Base on Balls
Batting: RHB Hjalmar Bisseling 0-0: Ball
1-0: Foul Ball, location: 2F
1-1: Ball
2-1: Foul Ball, location: 2F
2-2: SINGLE (Groundball, 6MD)
Vasa Pantelic to second
Runner from 2nd tries for 3rd, SAFE, throw made to third
Batting: LHB Duncan Witteman 0-0: Swinging Strike
0-1: Swinging Strike
0-2: Foul Ball, location: 2F
0-2: Ball
1-2: Foul Ball, location: 2F
1-2: Strikes out swinging
Batting: LHB Charles Godard 0-0: Called Strike
0-1: Ball
1-1: Ball
2-1: Ball
3-1: Foul Ball, location: 2F
3-2: Fly out, F9 (Flyball, 9S)
Batting: LHB Basava Puri 0-0: Ball
1-0: Foul Ball, location: 2F
1-1: 3-RUN HOME RUN (Flyball, 89D), Distance : 406 ft
Pitching: RHP Arturo Mesa
Batting: SHB Arend van der Veen 0-0: Ball
1-0: Called Strike
1-1: Ball
2-1: Ground out 4-3 (Groundball, 4)
Bottom of the 8th over - 3 runs, 2 hits, 0 errors, 0 left on base; South Beach 4 - Mancelona 3
TOP OF THE 9TH
South Beach Blaze batting - Pitching for Mancelona Torch : LHP José Costa
Batting: RHB Jarred Shields 0-0: Fly out, F9 (Flyball, 9LS)
Batting: LHB Javier López 0-0: Called Strike
0-1: Called Strike
0-2: Ball
1-2: Ball
2-2: SINGLE (Groundball, 4) (infield hit)
Batting: SHB Eisse van Opdorp 0-0: Called Strike
0-1: Ball
1-1: Grounds into double play, 6-4-3 (Groundball, 6M)
Top of the 9th over - 0 runs, 1 hit, 0 errors, 0 left on base; South Beach 4 - Mancelona 3
BOTTOM OF THE 9TH
Mancelona Torch batting - Pitching for South Beach Blaze : RHP Arturo Mesa
Batting: LHB Ed Holte 0-0: Foul Ball, location: 2F
0-1: Ball
1-1: SINGLE (Flyball, 7LM)
Batting: RHB Magtanggol Florencio 0-0: Bunted foul
0-1: Sac Bunt - play at first, batter OUT! 1-4
Ed Holte to second
Batting: RHB Marty Aspen 0-0: Ball
1-0: Called Strike
1-1: Swinging Strike
1-2: Ball
2-2: Strikes out swinging
Batting: LHB Vasa Pantelic 0-0: SINGLE (Groundball, 34S) (infield hit)
Ed Holte to third
Pinch Hitting: RHB Wen Chua 0-0: Called Strike
0-1: Ball
1-1: Ball
2-1: Ball
3-1: Fielders Choice at 2nd, 6-4 (Groundball, 6)
Bottom of the 9th over - 0 runs, 2 hits, 0 errors, 2 left on base; South Beach 4 - Mancelona 3
Friday, March 29th, 2019 - OOTP Baseball 18.8 Build 76